 Dungeon Crawl Stone Soup version 0.22-a0-533-g4d20840 (webtiles) character file.

58 Joshtr2000 the Magician (level 3, 0/27 HPs)
             Began as a Mummy Skald on June 12, 2018.
             Slain by a leopard gecko (1 damage)
             ... on level 3 of the Dungeon on June 22, 2018.
             The game lasted 00:07:50 (1124 turns).

Joshtr2000 the Magician (Mummy Skald)               Turns: 1124, Time: 00:07:51

Health: 0/27       AC:  4    Str: 19    XL:     3   Next: 76%
Magic:  2/7        EV: 12    Int: 13    God:
Gold:   59         SH:  0    Dex: 11    Spells: 3/8 levels left

rFire    x . .     SeeInvis .   a - +0 falchion
rCold    + . .     Gourm    .   (no shield)
rNeg     + + +     Faith    .   b - +0 leather armour
rPois    ∞         Spirit   .   (no helmet)
rElec    .         Reflect  .   (no cloak)
rCorr    .         Harm     .   (no gloves)
MR       .....                  f - +0 pair of boots
Stlth    +.........             (no amulet)
HPRegen  0.09/turn              c - +5 ring of strength
MPRegen  0.10/turn              (no ring)

@: infused (expiring), singing
A: no food or potions, fire vulnerability, cold resistance 1, negative energy
resistance 3, torment resistance, unbreathing
a: no special abilities


You were on level 3 of the Dungeon.
You were not hungry.

You visited 1 branch of the dungeon, and saw 3 of its levels.

You collected 59 gold pieces.

Inventory:

Hand Weapons
 a - a +0 falchion (weapon)
Missiles
 g - 6 javelins (quivered)
Armour
 b - a +0 leather armour (worn)
 f - a +0 pair of boots (worn)
Jewellery
 c - a +5 ring of strength (left hand)
 j - an uncursed ring of resist corrosion {unknown}
Scrolls
 d - 2 scrolls of random uselessness
 e - a scroll of teleportation
 h - 3 scrolls of identify
 i - a scroll of enchant weapon


   Skills:
 + Level 2.3 Fighting
 + Level 2.2 Long Blades
 + Level 1.2 Armour
 + Level 1.8 Dodging
 + Level 3.1 Spellcasting
 + Level 2.7 Charms


You had 3 spell levels left.
You knew the following spells:

 Your Spells              Type           Power        Failure   Level  Hunger
a - Infusion              Chrm           #...         9%          1    N/A
b - Song of Slaying       Chrm           #.......     13%         2    N/A
c - Shroud of Golubria    Chrm/Tloc      #.........   22%         2    N/A

Your spell library contained the following spells:

 Spells                   Type           Power        Failure   Level  Hunger
 Regeneration             Chrm/Necr      #.........   41%         3    N/A
 Spectral Weapon          Hex/Chrm       #.......     41%         3    N/A

Dungeon Overview and Level Annotations

Branches:
Dungeon (3/15)

Altars:

Annotations:
D:3 Ijyb


Innate Abilities, Weirdness & Mutations

You do not eat or drink.
Your flesh is vulnerable to fire.
You are immune to poison.
Your flesh is cold resistant. (rC+)
You are immune to negative energy. (rN+++)
You are immune to unholy pain and torment.
You can survive without breathing.


Message History

A quokka comes into view.
An orc comes into view. It is wielding a trident.
An orc comes into view. It is wielding a hand axe.
A frilled lizard comes into view.
The orc moves out of view.
Found 8 gold pieces.
Found an escape hatch in the floor.
Found a stone staircase leading down.
The orc shouts!
The adder bites you.
* * * LOW HITPOINT WARNING * * *
A bat comes into view.
The adder bites you but does no damage. The orc hits you but does no damage.
The orc hits you from afar with a trident.
* * * LOW HITPOINT WARNING * * *
As you read the scroll labeled WUOKKAILAT, it crumbles to dust.
It is a scroll of identify.
i - a scroll of enchant weapon The leopard gecko bites you.
You die...

#. #.# ##♣ ##.#
#... ... #....
#o###....♣
#o........
#o...>.#
...#####ol....#
#....b@lS....#
#.######....r#
#....>$.#
.........
####..... ##.##
.#


You could see an adder, 4 orcs, a leopard gecko, a quokka, a bat and a frilled
lizard.

Vanquished Creatures
  An adder (D:3)
  An ooze (D:1)
  2 worms (D:2)
  A dart slug (D:1)
  3 leopard geckos (D:1)
  3 hobgoblins
  4 jackals (D:1)
  4 kobolds
  5 bats
  A frilled lizard (D:1)
  6 goblins
  5 rats
36 creatures vanquished.

Notes
Turn   | Place    | Note
-------+----------+-------------------------------------------
     0 | D:1      | Joshtr2000 the Mummy Skald began the quest for the Orb.
     0 | D:1      | Reached XP level 1. HP: 16/16 MP: 4/4
    37 | D:1      | Upgraded the game from 0.22-a0-469-gf26638a to 0.22-a0-533-g4d20840
    68 | D:1      | Reached XP level 2. HP: 19/22 MP: 1/5
   223 | D:1      | Reached skill level 1 in Armour
   228 | D:1      | Learned a level 2 spell: Song of Slaying
   350 | D:1      | Reached XP level 3. HP: 22/27 MP: 7/7
   678 | D:2      | Learned a level 2 spell: Shroud of Golubria
   696 | D:2      | Reached skill level 3 in Spellcasting
  1090 | D:3      | Noticed Ijyb
  1123 | D:3      | HP: 1/27 [orc/trident (3)]
  1124 | D:3      | Slain by a leopard gecko

Vault maps used:
D:1:      erik_arrival_triangle_large, minmay_misc_feat_rugged
D:3:      uniq_crazy_yiuf_cottage, uniq_ijyb

Skill      XL: |  1  2  3 |
---------------+----------+-----
Armour         | 1 |  1.2
Long Blades    | 2 |  2.2
Spellcasting   | 3 |  3.1
Fighting       | |  2.3
Dodging        | |  1.8
Charms         | |  2.7

Action                   || total
-------------------------++-------
Melee: Falchion          ||    97
 Cast: Infusion          ||     5
       Shroud of Golubri ||     1
       Song of Slaying   ||     1
  Use: Scroll            ||     3
Armor: Leather armour    ||    33
Dodge: Dodged            ||    77
       Rpst.: Falchion   ||    21

Table legend:
 A = Spawn XP
 B = Non-spawn XP
 C = Spawn XP percentage of total XP
 D = Spawn monster count
 E = Non-spawn monster count
 F = Spawn count percentage of total count
 G = Total turns spent on level
                    A         B        C        D         E        F      G
               +---------+---------+-------+---------+---------+-------+---------
         Total |       0 |      84 |   0.0 |       0 |      36 |   0.0 |  1124
               +---------+---------+-------+---------+---------+-------+---------
           D:1 |       0 |      53 |   0.0 |       0 |      27 |   0.0 |   598
           D:2 |       0 |      16 |   0.0 |       0 |       7 |   0.0 |   476
           D:3 |       0 |      15 |   0.0 |       0 |       2 |   0.0 |    50
               +---------+---------+-------+---------+---------+-------+---------
